 Dungeon Crawl Stone Soup version 0.29.1-2-gbd0b4ee654 (webtiles) character file.

Game seed: 4888385437964364101

51 GorkyZ the Shield-Bearer (level 4, -13/35 HPs)
             Began as a Formicid Fighter on Nov 22, 2022.
             Mangled by an ogre
             ... wielding a +0 giant spiked club
              (22 damage)
             ... on level 3 of the Dungeon.
             The game lasted 00:03:57 (1941 turns).

GorkyZ the Shield-Bearer (Formicid Fighter)         Turns: 1941, Time: 00:03:57

Health: -13/35     AC:  6    Str: 23    XL:     4   Next: 7%
Magic:  4/4        EV:  9    Int:  7    God:
Gold:   148        SH:  9    Dex: 13    Spells: 3/3 levels left

rFire   . . .      SeeInvis +   l - +2 dagger (drain)
rCold   . . .      Faith    .   g - +0 kite shield
rNeg    . . .      Spirit   .   b - +0 scale mail
rPois   .          Reflect  .   (helmet unavailable)
rElec   .          Harm     .   (no cloak)
rCorr   .          Rampage  .   (no gloves)
Will    .....                   (no boots)
Stlth   ..........              (no amulet)
HPRegen 0.11/turn               (no ring)
MPRegen 0.09/turn               (no ring)

@: no status effects
A: permanent stasis, dig shafts and tunnels, antennae 3, four strong arms
a: Dig, Shaft Self


You were on level 3 of the Dungeon.
You visited 1 branch of the dungeon, and saw 3 of its levels.

You collected 148 gold pieces.

Inventory:

Hand Weapons
 a - a +0 war axe
 l - a +2 dagger of draining (weapon)
Missiles
 f - 4 silver boomerangs
 o - 2 poisoned darts
Armour
 b - a +0 scale mail (worn)
 c - a +0 buckler
 g - a +0 kite shield (worn)
Jewellery
 i - a ring of wizardry
Scrolls
 e - a scroll of enchant armour {unknown}
 j - 2 scrolls of poison {unknown}
 k - a scroll of identify {unknown}
 m - a scroll of magic mapping {unknown}
 n - a scroll of brand weapon {unknown}
Potions
 d - a potion of might
 h - a potion of heal wounds {unknown}


   Skills:
 + Level 3.5 Fighting
 + Level 2.3 Axes
 + Level 1.0 Throwing
 + Level 3.5 Armour
 + Level 1.0 Dodging
 + Level 4.3 Shields
 + Level 1.1 Evocations


You had 3 spell levels left.
You didn't know any spells.
Your spell library was empty.

Dungeon Overview and Level Annotations

Branches:
Dungeon (3/15)

Altars:


Innate Abilities, Weirdness & Mutations

You cannot be hasted, slowed, berserked, paralysed or teleported.
You can dig through walls and to a lower floor.
You have a pair of large antennae on your head. (SInv)
Your four strong arms can wield two-handed weapons with a shield.


Message History

Ouch! That really hurt!
You are too injured to fight recklessly!
You are too injured to fight recklessly!
You are too injured to fight recklessly!
You are too injured to fight recklessly!
You are too injured to fight recklessly!
You are too injured to fight recklessly!
You are too injured to fight recklessly!
You are too injured to fight recklessly!
You are too injured to fight recklessly!
You are too injured to fight recklessly!
You are too injured to fight recklessly!
You are too injured to fight recklessly!
You are too injured to fight recklessly!
You are too injured to fight recklessly!
You are too injured to fight recklessly!
Unknown command.
You are too injured to fight recklessly!
You hit the ogre. You drain the ogre.
The ogre is moderately wounded.
You barely miss the ogre.
The ogre is moderately wounded.
The ogre barely misses you.
You hit the ogre.
The ogre is moderately wounded.
The ogre closely misses you.
You hit the ogre but do no damage. You drain the ogre.
The ogre is heavily wounded.
The ogre hits you with a +0 giant spiked club.
You hit the ogre but do no damage. You drain the ogre.
The ogre is heavily wounded.
You barely miss the ogre.
The ogre is heavily wounded.
The ogre hits you with a +0 giant spiked club.
* * * LOW HITPOINT WARNING * * *
You closely miss the ogre.
The ogre is heavily wounded.
The ogre hits you with a +0 giant spiked club!!
Ouch! That really hurt!
You die...

....#.#.##............#.
####...#.##............#
#.#....########.##+###.
#.#.# #.......# #.#.# #
#........
#.#.#.#######........
............##.###.
#######..######.#
#......@......# #
..##..O##..##.# .......
..... .♣..... ♣..#..
...#... ....# #. ..♣.
#.#.# . .#... ...#
♣.....


You could see an ogre (very drained).

Vanquished Creatures
  2 adders (D:2)
  4 endoplasms
  2 goblins
  3 hobgoblins
  3 jackals (D:3)
  A quokka (D:1)
  3 ball pythons (D:1)
  2 bats
  A frilled lizard (D:2)
  6 kobolds
  8 rats
35 creatures vanquished.

Notes
Turn   | Place    | Note
-------+----------+-------------------------------------------
     0 | D:1      | GorkyZ the Formicid Fighter began the quest for the Orb.
     0 | D:1      | Reached XP level 1. HP: 18/18 MP: 1/1
   161 | D:1      | Found a faded altar of an unknown god.
   237 | D:1      | Reached XP level 2. HP: 24/24 MP: 2/2
  1175 | D:2      | Reached skill level 1 in Evocations
  1175 | D:2      | Reached XP level 3. HP: 16/29 MP: 3/3
  1458 | D:2      | Reached skill level 1 in Dodging
  1559 | D:2      | Reached skill level 1 in Throwing
  1855 | D:3      | Reached XP level 4. HP: 35/35 MP: 4/4
  1931 | D:3      | Noticed an ogre
  1941 | D:3      | Mangled by an ogre

Illustrated notes

Levels and vault maps discovered:
D:1:      amcnicky_arrival_choice, layout_loops_corners,
          chequers_ecumenical_altar_simple
D:2:      layout_basic
D:3:      layout_basic, nicolae_ashenzari_skybound,
          nicolae_kite_square_tiling_tiny

Skill      XL: |  1  2  3 |
---------------+----------+-----
Evocations     | 1 |  1.1
Dodging        | 1 |  1.0
Throwing       | 1 |  1.0
Fighting       | |  3.5
Axes           | |  2.3
Armour         | |  3.5
Shields        | |  4.3

Action                   |  1- 3 |  4- 6 || total
-------------------------+-------+-------++-------
Melee: War axe           |    73 |       ||    73
       Dagger            |    15 |    19 ||    34
Armor: Scale mail        |    19 |     5 ||    24
Dodge: Dodged            |    37 |     6 ||    43
Block: Buckler           |     3 |       ||     3
       Kite shield       |    35 |     9 ||    44
